 Dungeon Crawl Stone Soup version 0.26.1-11-gd32895ea62 (webtiles) character file.

Game seed: 9834605282940383362

39580 mimadeo the Gelid (level 14, -7/122 HPs)
             Began as a Ghoul Ice Elementalist on June 9, 2021.
             Was a High Priest of Makhleb.
             Mangled by a death yak (13 damage)
             ... on level 5 of the Lair of Beasts on June 10, 2021.
             The game lasted 02:07:15 (22788 turns).

mimadeo the Gelid (Ghoul Ice Elementalist)         Turns: 22788, Time: 02:07:16

Health: -7/122     AC: 13    Str: 13    XL:     14   Next: 7%
Magic:  13/30      EV: 18    Int: 14    God:    Makhleb [*****.]
Gold:   808        SH:  0    Dex:  9    Spells: 9/24 levels left

rFire    . . .     SeeInvis .     - Unarmed
rCold    + . .     Faith    .   (no shield)
rNeg     + + +     Spirit   .   w - +0 leather armour
rPois    ∞         Reflect  .   S - +0 helmet
rElec    .         Harm     .   A - +2 cloak
rCorr    .         Rampage  .   (no gloves)
Will     +....                  (no boots)
Stlth    +.........             f - amulet of regeneration
HPRegen  0.00/turn              o - ring of magical power
MPRegen  0.22/turn              P - +4 ring of evasion

@: icy armour, frozen ramparts
A: claws 1, cold resistance 1, negative energy resistance 3, inhibited
regeneration, torment resistance, unbreathing
a: Renounce Religion, Minor Destruction, Lesser Servant of Makhleb, Major
Destruction, Greater Servant of Makhleb


You were on level 5 of the Lair of Beasts.
You worshipped Makhleb.
Makhleb was extremely pleased with you.
You visited 3 branches of the dungeon, and saw 18 of its levels.
You visited the Abyss 1 time.

You collected 1211 gold pieces.
You spent 403 gold pieces at shops.

Inventory:

Armour
 w - a +0 leather armour (worn)
 A - a +2 cloak (worn)
 S - a +0 helmet (worn)
Magical Staves
 N - an uncursed staff of cold {unknown}
Jewellery
 c - an uncursed ring of see invisible
 e - a +4 ring of protection
 f - an amulet of regeneration (around neck)
 k - an uncursed ring of resist corrosion
 o - a ring of magical power (left claw)
 v - an uncursed ring of wizardry
 K - an uncursed ring of protection from fire
 L - an uncursed ring of flight
 P - a +4 ring of evasion (right claw)
 R - a +6 ring of intelligence {unknown}
 U - an uncursed amulet of faith {unknown}
 V - an uncursed ring of protection from fire
Wands
 h - a wand of paralysis (10)
 y - a wand of acid (6)
 G - a wand of iceblast (16)
 Q - a wand of polymorph (9)
Scrolls
 a - 2 scrolls of enchant armour
 b - 4 scrolls of amnesia
 d - a scroll of random uselessness {unknown}
 i - 2 scrolls of fog
 j - 2 scrolls of immolation {unknown}
 l - 3 scrolls of remove curse
 n - a scroll of blinking
 p - 4 scrolls of magic mapping
 r - 6 scrolls of teleportation
 t - 3 scrolls of noise
 E - 3 scrolls of fear {unknown}
 J - a scroll of enchant weapon {unknown}
 T - 3 scrolls of identify
Potions
 g - 7 potions of curing
 m - 4 potions of might
 q - 3 potions of flight
 s - 5 potions of ambrosia {unknown}
 u - 5 potions of heal wounds
 x - 4 potions of attraction
 z - a potion of brilliance {unknown}
 B - a potion of experience {unknown}
 C - 4 potions of haste
 D - a potion of berserk rage
 F - 2 potions of mutation {unknown}
 H - 2 potions of lignification {unknown}
 I - a potion of degeneration {unknown}
 O - a potion of cancellation {unknown}
Miscellaneous
 M - a tin of tremorstones (2/2)


   Skills:
 + Level 10.4 Fighting
 + Level 6.0 Dodging
 - Level 2.1 Stealth
 + Level 10.3 Unarmed Combat
 - Level 5.5 Spellcasting
 - Level 4.0 Summonings
 * Level 15.0 Ice Magic
 * Level 11.4 Invocations


You had 9 spell levels left.
You knew the following spells:

 Your Spells              Type           Power        Failure   Level
a - Freeze                Ice            100%         1%          1
b - Frozen Ramparts       Ice            92%          1%          3
c - Ozocubu's Armour      Ice            46%          1%          3
d - Hailstorm             Conj/Ice       24%          10%         4
e - Summon Ice Beast      Ice/Summ       30%          4%          4

Your spell library contained the following spells:

 Spells                   Type           Power        Failure   Level
 Magic Dart               Conj           12%          22%         1
 Sting                    Tmut/Pois      12%          22%         1
 Poisonous Vapours        Pois/Air       6%           32%         2
 Searing Ray              Conj           6%           32%         2
 Dazzling Flash           Conj/Hex       6%           54%         3
 Ignite Poison            Fire/Tmut/Pois 3%           54%         3
 Mephitic Cloud           Conj/Pois/Air  3%           54%         3
 Fulminant Prism          Conj/Hex       1%           91%         4
 Iskenderun's Mystic Bla  Conj/Tloc      3%           91%         4
 Olgreb's Toxic Radiance  Pois           3%           91%         4
 Haunt                    Necr/Summ      4%           100%        7
 Infestation              Necr           1%           100%        8
 Borgnjor's Revivificati  Necr           Unusable     N/A         8
 Necromutation            Tmut/Necr      Unusable     N/A         8
 Death's Door             Necr           Unusable     N/A         9

Dungeon Overview and Level Annotations

Branches:
Dungeon (11/15)            Temple (1/1) D:4            Lair (6/6) D:10
  Swamp (0/4) Lair:3        Snake (0/4) Lair:2        Slime (0/5) Lair:5
    Orc (0/2) D:9

Altars:
Ashenzari
Cheibriados
Dithmenos
Elyvilon
Fedhas
Gozag
Hepliaklqana
Kikubaaqudgha
Makhleb
Nemelex Xobeh
Okawaru
Qazlal
Ru
Sif Muna
Trog
Uskayaw
Vehumet
Wu Jian
Xom
Yredelemnul
Zin
The Shining One
Jiyva

Shops:
D:6 :   D:7 !   D:10 :

Annotations:
D:5 1 runed translucent door, captivecurve's ghost, novice HOFi
Lair:1 3 runed translucent doors, ZZKoverts's ghost, novice DsAK


Innate Abilities, Weirdness & Mutations

You thrive by killing the living.
You are immune to poison.
You have sharp fingernails.
Your flesh is cold resistant. (rC+)
You are immune to negative energy. (rN+++)
You do not regenerate when monsters are visible.
You are immune to unholy pain and torment.
You can survive without breathing.


Message History

Your ice beast barely misses the death yak.
Your ice beast hits the death yak but does no damage. x2
You claw the death yak!
You claw the death yak, but do no damage.
The death yak is severely wounded.
The wall freezes the death yak!
The death yak completely misses you.
The wall freezes the death yak.
The death yak gores you!!
* * * LOW HITPOINT WARNING * * *
Your ice beast hits the death yak but does no damage. x3
Casting: Summon Ice Beast (mildly dangerous; 4% risk of failure)
Confirm with . or Enter, or press ? or * to list all spells.
Aiming: Freeze (safe; 1% risk of failure)
Press: ? - help, Shift-Dir - straight line, f - death yak
Aim: a death yak (heavily wounded)
You freeze the death yak.
The death yak is severely wounded.
The wall freezes the death yak!
The death yak gores you.
* * * LOW HITPOINT WARNING * * *
The wall freezes the death yak.
The death yak gores you!
You die...

........PP................##
...........................#
..........................##
..........................##
.................P###......##
.................P# ##......#
................### #P....P##
.............)YY## ##.....#
...............Y@# #.....##
..............YY## ###...)#
.................# #.#....#
.....>...........# ##.....##
.................# ##.....#
.................# ##.....##
.................# #......#
.................###......#
..................####....##


You could see 2 death yaks and 3 friendly ice beasts.

Vanquished Creatures
  The ghost of Feulaj the Severer, a journeyman MiBe of Trog (Lair:3)
  A boulder beetle (Lair:2)
  3 hydras
  Erica (D:10)
  A death yak (Lair:2)
  Sonja (D:11)
  An unseen horror (D:11)
  A lindwurm (Lair:2)
  A wolf spider (D:10)
  An ugly thing (D:10)
  A cyclops (D:10)
  2 black mambas
  An elephant (Lair:5)
  2 centaur zombies (D:11)
  Psyche (D:9)
  Maggie (D:10)
  An orange demon (D:10)
  12 cane toads
  A kobold demonologist (D:10)
  2 rime drakes
  A freezing wraith (D:10)
  6 komodo dragons
  A troll (D:10)
  4 polar bears
  5 blink frogs
  A dream sheep (Lair:2)
  4 wyverns
  30 yaks
  2 wraiths (D:10)
  A basilisk (Lair:4)
  6 vampire mosquitoes
  22 water moccasins
  A black bear (D:10)
  An ice beast (D:11)
  6 orc warriors
  4 sky beasts
  A phantom (D:6)
  15 wolves
  7 ogres
  4 centaurs
  2 big kobolds
  16 bullfrogs
  A gnoll sergeant (D:10)
  3 killer bees (D:10)
  4 scorpions
  4 wights (D:8)
  3 electric eels
  5 howler monkeys
  2 hounds
  2 centaur skeletons
  2 jellies
  7 orc wizards
  4 orc priests
  An iguana (D:10)
  5 hell rats (Lair:3)
  10 worker ants
  A hound zombie (D:8)
  4 gnolls
  10 adders
  2 shadow imps (D:6)
  A white imp (D:8)
  2 ufetubi (D:6)
  An ooze (D:3)
  An adder skeleton (D:4)
  4 worms
  6 dart slugs
  4 leopard geckos
  35 orcs
  3 ball pythons
  9 bats
  4 giant cockroaches
  9 goblins
  6 hobgoblins
  11 jackals
  5 quokkas
  5 frilled lizards
  A jackal zombie (D:7)
  13 kobolds
  2 leopard gecko skeletons
  6 rats
  A butterfly (D:4)
375 creatures vanquished.

Vanquished Creatures (collateral kills)
  Gastronok (D:10)
  3 hydras
  A boulder beetle (D:11)
  A catoblepas (Lair:3)
  Nergalle (D:10)
  A lindwurm (Lair:5)
  A deep elf mage (D:10)
  An ugly thing (D:11)
  2 elephants (Lair:5)
  2 komodo dragons (Lair:5)
  A polar bear (Lair:2)
  Prince Ribbit (D:9)
  3 blink frogs (Lair:2)
  5 yaks
  2 basilisks
  A water moccasin (Lair:4)
  An orc warrior (D:10)
  A wolf (Lair:3)
  5 bullfrogs
  A wight (D:10)
  An electric eel (D:9)
  An orc wizard (D:10)
  A hell rat (Lair:3)
  A worker ant (D:11)
  2 gnolls (D:10)
  An orc (D:10)
42 creatures vanquished.

Vanquished Creatures (others)
  11 fungi
  23 plants
  2 withered plants (D:5)
36 creatures vanquished.

Grand Total: 453 creatures vanquished

Notes
Turn   | Place    | Note
-------+----------+-------------------------------------------
     0 | D:1      | mimadeo the Ghoul Ice Elementalist began the quest for the
                  | Orb.
     0 | D:1      | Reached XP level 1. HP: 14/14 MP: 2/2
   330 | D:1      | Reached XP level 2. HP: 7/20 MP: 0/3
   611 | D:1      | Found a snail-covered altar of Cheibriados.
   842 | D:1      | Reached skill level 5 in Ice Magic
   926 | D:1      | Reached XP level 3. HP: 26/26 MP: 2/5
  1121 | D:1      | Learned a level 3 spell: Frozen Ramparts
  1691 | D:2      | Reached XP level 4. HP: 33/33 MP: 1/6
  1753 | D:2      | Learned a level 3 spell: Ozocubu's Armour
  2190 | D:2      | Found a basalt altar of Yredelemnul.
  2338 | D:2      | Noticed an ogre
  2340 | D:2      | Reached skill level 1 in Unarmed Combat
  2379 | D:2      | Reached skill level 1 in Fighting
  2383 | D:2      | Killed an ogre
  2384 | D:2      | Reached skill level 6 in Ice Magic
  2384 | D:2      | Reached XP level 5. HP: 16/40 MP: 0/8
  2510 | D:2      | Found a stormy altar of Qazlal.
  2845 | D:3      | Found a glowing golden altar of the Shining One.
  3503 | D:4      | Noticed an ogre
  3512 | D:4      | Killed an ogre
  3513 | D:4      | Reached XP level 6. HP: 25/48 MP: 6/9
  3815 | D:4      | Found a staircase to the Ecumenical Temple.
  3843 | Temple   | Entered the Ecumenical Temple
  4066 | Temple   | Became a worshipper of Makhleb the Destroyer
  4393 | D:4      | Reached XP level 7. HP: 56/56 MP: 10/10
  4679 | D:5      | Entered Level 5 of the Dungeon
  4778 | D:5      | Reached skill level 7 in Ice Magic
  5218 | D:5      | Learned a level 4 spell: Hailstorm
  5331 | D:5      | Found a runed translucent door.
  5332 | D:5      | Noticed captivecurve's ghost (novice HOFi)
  5725 | D:6      | Reached XP level 8. HP: 63/63 MP: 12/12
  5961 | D:6      | Found an opulent altar of Gozag.
  5992 | D:6      | Reached skill level 8 in Ice Magic
  6151 | D:6      | Found Hehoghac's Book Emporium.
  6393 | D:6      | Found a snail-covered altar of Cheibriados.
  6557 | D:7      | Found a bloodstained altar of Trog.
  6558 | D:7      | Found a stormy altar of Qazlal.
  6581 | D:7      | Reached * piety under Makhleb
  6697 | D:7      | Found Anguil's Distillery.
  6705 | D:7      | Bought a potion of haste for 130 gold pieces
  6705 | D:7      | Bought a potion of berserk rage for 65 gold pieces
  6705 | D:7      | Bought a potion of attraction for 39 gold pieces
  6705 | D:7      | Bought a potion of flight for 39 gold pieces
  7002 | D:7      | Reached skill level 9 in Ice Magic
  7055 | D:7      | Learned a level 4 spell: Summon Ice Beast
  7138 | D:7      | Found a shadowy altar of Dithmenos.
  7231 | D:7      | Reached XP level 9. HP: 73/73 MP: 14/14
  7324 | D:7      | Reached skill level 5 in Fighting
  7324 | D:7      | Reached skill level 5 in Unarmed Combat
  7355 | D:7      | Found a shimmering blue altar of Sif Muna.
  7609 | D:8      | Reached ** piety under Makhleb
  8243 | D:8      | Found an iron altar of Okawaru.
  8487 | D:8      | Reached skill level 5 in Spellcasting
  8561 | D:8      | Reached skill level 10 in Ice Magic
  9703 | D:9      | Noticed Prince Ribbit
  9723 | D:9      | Killed Prince Ribbit
  9920 | D:9      | Found a blossoming altar of Fedhas.
 10078 | D:9      | Noticed Psyche
 10083 | D:9      | Killed Psyche
 10084 | D:9      | Reached XP level 10. HP: 78/84 MP: 17/17
 10238 | D:9      | Found a staircase to the Orcish Mines.
 11087 | D:10     | Entered Level 10 of the Dungeon
 11087 | D:10     | Noticed Maggie
 11097 | D:9      | Reached skill level 1 in Invocations
 11242 | D:10     | Reached skill level 11 in Ice Magic
 11286 | D:10     | Found a staircase to the Lair.
 11637 | D:10     | Reached *** piety under Makhleb
 12003 | D:10     | Found Duadwegg's Book Boutique.
 12141 | D:7      | Bought 2 potions of heal wounds for 130 gold pieces
 12447 | D:10     | Noticed Gastronok
 12464 | D:10     | Killed Gastronok
 12465 | D:10     | Reached skill level 12 in Ice Magic
 12465 | D:10     | Reached skill level 5 in Invocations
 12465 | D:10     | Reached XP level 11. HP: 46/92 MP: 3/18
 12604 | D:10     | Noticed a deep elf mage
 12604 | D:10     | Noticed Nergalle
 12604 | D:10     | Noticed a wolf spider
 12605 | D:10     | Noticed a purple ugly thing
 12605 | D:10     | Noticed a cyclops
 12674 | D:10     | Killed a deep elf mage
 12686 | D:10     | Noticed a sun demon
 12832 | D:10     | Found an ornate altar of the Wu Jian Council.
 12968 | D:10     | Noticed Erica
 12986 | D:10     | Killed Erica
 13111 | D:10     | Killed Nergalle
 13159 | D:10     | Killed a cyclops
 13390 | D:10     | Cast into level 2 of the Abyss (kobold demonologist)
 13460 | D:10     | Escaped the Abyss
 13463 | D:10     | Noticed a sixfirhy
 13463 | D:10     | Reached **** piety under Makhleb
 13469 | D:10     | Reached skill level 1 in Summonings
 13504 | D:10     | Killed a wolf spider
 13791 | D:10     | Killed a purple ugly thing
 14027 | D:10     | Killed Maggie
 14782 | D:11     | Noticed a white ugly thing
 14795 | D:11     | HP: 2/94 [white ugly thing (11)]
 14798 | D:11     | Killed a white ugly thing
 15155 | D:11     | Noticed a boulder beetle
 15179 | D:11     | Killed a boulder beetle
 15275 | D:11     | Noticed Sonja
 15292 | D:11     | Killed Sonja
 15293 | D:11     | Reached XP level 12. HP: 103/103 MP: 19/19
 15433 | D:11     | Reached skill level 13 in Ice Magic
 16037 | Lair:1   | Entered Level 1 of the Lair of Beasts
 16292 | Lair:1   | Noticed a four-headed hydra
 16298 | Lair:1   | Killed a four-headed hydra
 16604 | Lair:1   | Noticed a six-headed hydra
 16608 | Lair:1   | Noticed ZZKoverts's ghost (novice DsAK)
 16609 | Lair:1   | Found a runed translucent gate.
 16609 | Lair:1   | Found a runed translucent gate.
 16609 | Lair:1   | Found a runed translucent gate.
 16726 | Lair:1   | Found a basalt altar of Yredelemnul.
 17369 | Lair:2   | Got a pair of distressingly furry gloves
 17375 | Lair:2   | Identified the cursed +0 pair of gloves of Fyelomm {Harm}
                  | (You found it on level 2 of the Lair of Beasts)
 17605 | Lair:2   | Found a radiant altar of Vehumet.
 17715 | Lair:2   | Reached ***** piety under Makhleb
 17764 | Lair:2   | Noticed a six-headed hydra
 17772 | Lair:2   | Killed a six-headed hydra
 18101 | Lair:2   | Reached XP level 13. HP: 111/111 MP: 20/20
 18322 | Lair:2   | Reached skill level 14 in Ice Magic
 18713 | Lair:2   | Reached skill level 10 in Invocations
 18758 | Lair:2   | Found a staircase to the Snake Pit.
 19034 | Lair:2   | Reached skill level 5 in Dodging
 20168 | Lair:3   | Found a runed translucent door.
 20237 | Lair:3   | Reached skill level 10 in Fighting
 20268 | Lair:3   | Found a staircase to the Swamp.
 20361 | Lair:3   | Noticed Feulaj's ghost (journeyman MiBe)
 20379 | Lair:3   | Killed Feulaj's ghost
 20739 | Lair:4   | Reached skill level 10 in Unarmed Combat
 21583 | Lair:5   | Found a staircase to the Slime Pits.
 21583 | Lair:5   | Found a viscous altar of Jiyva.
 22114 | Lair:5   | Reached XP level 14. HP: 55/122 MP: 21/21
 22505 | Lair:5   | Reached skill level 15 in Ice Magic
 22761 | Lair:6   | Entered Level 6 of the Lair of Beasts
 22788 | Lair:5   | HP: 6/122 [death yak (3)]
 22788 | Lair:5   | Mangled by a death yak

Illustrated notes

Levels and vault maps discovered:
D:1:      tarquinn_simple_flora_water_d, layout_loops_cross, cheibriados_altar_1
D:2:      layout_loops_ring, overflow_temple_1_default,
          nicolae_qazlal_eye_of_the_storm
D:3:      layout_basic, old_standard_altar
D:4:      layout_loops_ring, minmay_temple_entry_butterflies,
          lightli_ossuary_entry_decrepit_ruins
D:5:      layout_basic, gammafunk_ghost_grave
D:6:      layout_loops_cross, nicolae_gozag_cash_rules_everything_around_me,
          kennysheep_mini_moat, serial_shops, shop, st_stairs_14
D:7:      kennysheep_orc_sif_temple, layout_loops_ring,
          nicolae_dithmenos_through_a_glass_darkly,
          gammafunk_temple_overflow_statue, serial_shops, nicolae_shop_stone,
          serial_bayou_pond_e
D:8:      layout_layer_cave, kennysheep_small_spiral,
          kennysheep_okawaru_gauntlet
D:9:      layout_basic, orc_0_dummy, basic_altar, water_maze_lemuel,
          uniq_psyche, uniq_prince_ribbit1
D:10:     minmay_the_grid_octo_2x2 [minmay_the_grid_octo_fan_narrow,
          minmay_the_grid_octo_thin_diamonds, minmay_the_grid_octo_fat_diamond,
          minmay_the_grid_octo_prize_big_c], layout_layer_cave,
          lair_entry_dummy, serial_shops, nicolae_shop_statue_plus, basic_altar,
          uniq_maggie, uniq_gastronok, uniq_erica, uniq_nergalle
D:11:     layout_stronghold, uniq_sonja
Temple:   regret_index_temple_generic_petals
Lair:1:   layout_small_grid, gammafunk_ghost_split, basic_altar,
          serial_bayou_shore_b
Lair:2:   nzn_winding_woodlands_stair_trap [nzn_winding_woodlands_5x15_zeroes,
          nzn_winding_woodlands_5x15_cabin, nzn_winding_woodlands_5x15_eye,
          nzn_winding_woodlands_15x15_boxy_spiral,
          nzn_winding_woodlands_5x15_jagged, nzn_winding_woodlands_5x15_pockets,
          nzn_winding_woodlands_5x15_longhouse], layout_regular_city,
          dummy_snake_entry, amcnicky_altar_gilded
Lair:3:   layout_regular_city, minmay_swamp_entry_swarm,
          ebering_ghost_reflecting_pool, serial_bayou_shore_b,
          serial_bayou_shore_a, serial_bayou_shore_b, lemuel_fruit_tree
Lair:4:   layout_cave_shapes, grunt_megastairs_5, uniq_snorg
Lair:5:   layout_long_grid, slime_altar_1
Lair:6:   grunt_lair_end_beastmaster, layout_small_grid,
          minmay_lair_oklob_chamber, grunt_megastairs_2, serial_bayou_shore_b,
          infiniplex_staircase_pool

Skill      XL: |  1  2  3  4  5  6  7  8  9 10 11 12 13 14 |
---------------+-------------------------------------------+-----
Dodging        | 2 3 4 5 6 |  6.0
Spellcasting   | 2 3 4 5 |  5.5
Ice Magic      | 5 6 7 9 10 12 13 14 15 | 15.0
Unarmed Combat | 1 2 3 4 6 7 8 9 10 | 10.3
Fighting       | 1 2 3 4 6 7 8 9 10 | 10.4
Invocations    | 5 7 9 11 | 11.4
Summonings     | 3 4 |  4.0
Stealth        | |  2.1

Action                   |  1- 3 |  4- 6 |  7- 9 | 10-12 | 13-15 || total
-------------------------+-------+-------+-------+-------+-------++-------
Melee: Unarmed           |    70 |    16 |       |   379 |   268 ||   733
       Short sword       |       |    46 |   223 |       |       ||   269
       Punch             |       |     1 |     3 |    15 |    11 ||    30
 Cast: Freeze            |    34 |    10 |    20 |    38 |    55 ||   157
       Frozen Ramparts   |       |    16 |    53 |    82 |    53 ||   204
       Ozocubu's Armour  |       |     2 |    29 |    58 |    23 ||   112
       Summon Ice Beast  |       |       |     4 |    39 |    29 ||    72
       Hailstorm         |       |       |     1 |       |       ||     1
Invok: Lesser Servant of |       |       |       |     2 |     5 ||     7
  Use: Scroll            |       |     4 |     5 |     8 |       ||    17
       Potion            |       |       |       |     3 |       ||     3
 Stab: Sleeping          |     1 |       |     1 |       |       ||     2
       Petrified         |       |       |       |       |     2 ||     2
       Distracted        |       |       |       |       |     1 ||     1
Armor: Robe              |    26 |    31 |     2 |       |       ||    59
       Leather armour    |       |       |    72 |   114 |   100 ||   286
Dodge: Dodged            |    60 |    68 |   123 |   224 |   288 ||   763
